 Dungeon Crawl Stone Soup version 0.21.1-1-g345015f (webtiles) character file.

227 prawnwizard the Chopper (level 5, -18/43 HPs)
             Began as a Demonspawn Monk on July 26, 2018.
             Demolished by MetaCosm's ghost (19 damage)
             ... on level 3 of the Dungeon.
             The game lasted 00:04:25 (4158 turns).

prawnwizard the Chopper (Demonspawn Monk)           Turns: 4158, Time: 00:04:25

Health: -18/43     AC: 10    Str: 13    XL:     5   Next: 70%
Magic:  0/5        EV:  3    Int: 11    God:
Gold:   147        SH:  0    Dex: 15    Spells: 4/4 levels left

rFire    . . .     SeeInvis .   a - +0 hand axe
rCold    . . .     Gourm    .   (no shield)
rNeg     + . .     Faith    .   p - +0 plate armour
rPois    .         Spirit   +   (no helmet)
rElec    .         Reflect  .   i - scarf {Spirit}
rCorr    .         Harm     .   (no gloves)
MR       .....                  (no boots)
Stlth    ..........             (no amulet)
HPRegen  0.14/turn              k - ring of positive energy
MPRegen  0.09/turn              (no ring)

@: slowed, very slow
A: talons 1, demonic guardian 1, rot immunity
a: no special abilities


You were on level 3 of the Dungeon.
You were not hungry.

You visited 1 branch of the dungeon, and saw 3 of its levels.

You collected 147 gold pieces.

Inventory:

Hand Weapons
 a - a +0 hand axe (weapon)
Armour
 i - a scarf of spirit shield (worn)
 p - a +0 plate armour (worn)
Jewellery
 k - a ring of positive energy (left hand)
 q - an uncursed ring of ice {unknown}
Scrolls
 d - a scroll of identify {unknown}
 e - 2 scrolls of teleportation {unknown}
 g - a scroll of remove curse
 h - 2 scrolls of fog {unknown}
 l - 2 scrolls of immolation {unknown}
 m - a scroll of noise {unknown}
 o - a scroll of random uselessness {unknown}
Potions
 b - 2 potions of curing {unknown}
 j - a potion of flight {unknown}
 n - a potion of heal wounds {unknown}
Comestibles
 c - 4 rations
 f - a chunk of flesh


   Skills:
 + Level 4.4 Fighting
 * Level 5.1 Axes
 - Level 2.6 Dodging
 - Level 1.7 Stealth


You had 4 spell levels left.
You didn't know any spells.

Dungeon Overview and Level Annotations

Branches:
Dungeon (3/15)

Altars:

Annotations:
D:3 MetaCosm's ghost, amateur OgBe; Natasha


Innate Abilities, Weirdness & Mutations

You have sharp toenails.
A weak demonic guardian rushes to your aid.
You are immune to rotting.


Message History

Your ufetubus dies!
You see here a worm corpse.
Natasha, Servant of Life and Death comes into view.
Natasha hisses angrily.
Natasha moves out of view.
Natasha barely misses you.
You closely miss Natasha. Natasha casts a spell at you.
You feel yourself slow down.
MetaCosm's ghost whispers, "Trust me.
Just give in."
You closely miss Natasha. Natasha barely misses you. x2
MetaCosm's ghost hits you!!
* * * LOW HITPOINT WARNING * * *
You hit Natasha but do no damage. Your kick misses Natasha.
Your plate armour prevents you from hitting MetaCosm's ghost.
Natasha barely misses you. MetaCosm's ghost hits you!
* * * LOW HITPOINT WARNING * * *
Natasha claws you but does no damage. MetaCosm's ghost hits you!!
You die...

##''###..# #........#
#)†.W....# #.#.####.#
#.#......# #.########
##############.#......#
...............Wh....>#
###.############@######
# #.# ##.### # #.#
#....# # #.# #....# #
#.# #....# # #.# #....#
###.# #....# .##.#
#....# .##.# #....#


You could see Natasha and MetaCosm's ghost.

Vanquished Creatures
  An ogre (D:3)
  Natasha (D:3)
  4 adders
  An ooze (D:1)
  4 worms
  2 dart slugs
  2 leopard geckos (D:1)
  An orc (D:3)
  5 bats
  A giant cockroach (D:3)
  A goblin (D:3)
  8 hobgoblins
  8 jackals
  11 kobolds
  A quokka (D:2)
  2 ball pythons
  11 frilled lizards
  11 rats
75 creatures vanquished.

Vanquished Creatures (collateral kills)
  An adder (D:3)
1 creature vanquished.

Grand Total: 76 creatures vanquished

Notes
Turn   | Place    | Note
-------+----------+-------------------------------------------
     0 | D:1      | prawnwizard the Demonspawn Monk began the quest for the Orb.
     0 | D:1      | Reached XP level 1. HP: 18/18 MP: 1/1
   204 | D:1      | Reached skill level 3 in Axes
   227 | D:1      | Gained mutation: You are immune to rotting. [demonic ancestry]
   227 | D:1      | Reached XP level 2. HP: 15/24 MP: 2/2
  1156 | D:1      | Gained mutation: A weak demonic guardian rushes to your aid. [demonic ancestry]
  1156 | D:1      | Reached XP level 3. HP: 29/29 MP: 3/3
  1888 | D:2      | Reached skill level 4 in Axes
  1906 | D:2      | Reached XP level 4. HP: 30/37 MP: 4/4
  3496 | D:3      | Noticed MetaCosm's ghost (amateur OgBe)
  3875 | D:3      | Noticed Natasha
  3896 | D:3      | Killed Natasha
  3896 | D:3      | Gained mutation: You have sharp toenails. [demonic ancestry]
  3896 | D:3      | Reached XP level 5. HP: 30/42 MP: 2/5
  4065 | D:3      | Noticed an ogre
  4076 | D:3      | Killed an ogre
  4076 | D:3      | Reached skill level 5 in Axes
  4153 | D:3      | Noticed Natasha
  4157 | D:3      | HP: 1/43 [MetaCosm's ghost (6)]
  4158 | D:3      | Demolished by MetaCosm's ghost

Skill      XL: |  1  2  3  4  5 |
---------------+----------------+-----
Axes           | 3 4 5 |  5.1
Fighting       | 4 |  4.4
Dodging        | |  2.6
Stealth        | |  1.7

Action                   |  1- 3 |  4- 6 || total
-------------------------+-------+-------++-------
Melee: Hand axe          |   176 |   170 ||   346
       Kick              |       |     8 ||     8
  Use: Scroll            |     1 |       ||     1
 Stab: Sleeping          |     1 |       ||     1
  Eat: Chunk             |     3 |     4 ||     7
       Ration            |       |     1 ||     1
Armor: Ring mail         |    14 |       ||    14
       Robe              |     3 |       ||     3
       Scale mail        |    55 |    36 ||    91
       Plate armour      |       |    62 ||    62
Dodge: Dodged            |    94 |    53 ||   147
